 Seeded DCSS version 0.30-a0-422-g946f4849ff (webtiles) character file.

Game seed: 18446744073709551615 (custom seed)

2330 Nerdsrcool the Magician (level 9, 0/59 HPs)
             Began as a Djinni Hexslinger on Dec 7, 2022.
             Was a Priest of Ru.
             Slain by an ice beast (9 damage)
             ... summoned by an ice statue
             ... on level 7 of the Dungeon on Dec 8, 2022.
             The game lasted 00:33:54 (6100 turns).

Nerdsrcool the Magician (Djinni Hexslinger)         Turns: 6100, Time: 00:34:04

Health: 0/59       AC: 12    Str: 11    XL:     9   Next: 69%
Gold:   386        EV: 16    Int: 16    God:    Ru [***...] SH:  0 Dex: 15

rFire   + + .      SeeInvis .    j - +4 short sword (venom)
rCold   x . .      Faith    .    (no shield)
rNeg    + . .      Spirit   .    t - +0 ring mail of Baldness {rN+ Stlth+}
rPois   ∞          Reflect  .    g - +2 helmet
rElec   .          Harm     .    G - +2 cloak
rCorr   .          Rampage  .    (no gloves)
Will    .....                    (boots unavailable)
Stlth   ++........               u - amulet of regeneration
HPRegen 1.09/turn                o - +4 ring of evasion
MPRegen 0.00/turn                (no ring)

@: flying, unable to read
A: sickness immunity, fire resistance 2, cold vulnerability 1, inability to read
after injury 2, inability to use devices, float, innate caster, HP casting,
extra vitality 1
a: Renounce Religion, Draw Out Power


You were on level 7 of the Dungeon.
You worshipped Ru.
Ru was most pleased with you.
You visited 1 branch of the dungeon, and saw 7 of its levels.
You also visited: Sewer.

You collected 386 gold pieces.

Inventory:

Hand Weapons
 a - a +1 sling
 j - a +4 short sword of venom (weapon)
 l - a +1 dagger of venom
 B - a +3 short sword of protection
 E - a +2 flail of protection
Missiles
 p - 4 poisoned darts
 q - 5 javelins
 r - a throwing net
 w - a curare-tipped dart
Armour
 c - a +0 robe
 g - a +2 helmet (worn)
 t - the +0 ring mail of Baldness (worn) {rN+ Stlth+}
   (You found it on level 3 of the Dungeon)

   rN:        It protects you from negative energy.
   Stlth:     It makes you more stealthy.
 D - a +0 leather armour of poison resistance
 G - a +2 cloak (worn)
Jewellery
 o - a +4 ring of evasion (left hand)
 s - a ring of wizardry
 u - an amulet of regeneration (around neck)
Wands
 n - a wand of polymorph (13)
Scrolls
 b - 2 scrolls of summoning
 d - 2 scrolls of amnesia {unknown}
 h - 4 scrolls of magic mapping
 k - a scroll of identify
 x - a scroll of blinking {unknown}
 y - a scroll of fog {unknown}
 z - 2 scrolls of fear {unknown}
 A - 3 scrolls of noise {unknown}
 C - 2 scrolls of teleportation
Potions
 e - 2 potions of degeneration
 f - 2 potions of brilliance {unknown}
 i - 3 potions of heal wounds {unknown}
 m - 4 potions of might {unknown}
 v - a potion of experience {unknown}
 F - a potion of haste {unknown}


   Skills:
 + Level 2.6 Fighting
 + Level 2.4 Short Blades
 + Level 2.9 Ranged Weapons
 + Level 3.3 Armour
 + Level 4.3 Dodging
 + Level 2.1 Stealth
 + Level 0.1 Unarmed Combat
 + Level 7.8 Spellcasting


You had 3 spell levels left.
You knew the following spells:

 Your Spells              Type           Power      Damage    Failure   Level
a - Slow                  Hex            100%       N/A       1%          1
b - Inner Flame           Hex/Fire       31%        N/A       3%          3
c - Portal Projectile     Hex/Tloc       62%        N/A       3%          3
d - Cause Fear            Hex            15%        N/A       11%         4
e - Shock                 Conj/Air       100%       1d9       1%          1
f - Scorch                Fire           62%        2d8       1%          2
g - Tukima's Dance        Hex            31%        N/A       3%          3
h - Call Canine Familiar  Summ           31%        N/A       3%          3
Your spell library was empty.

Dungeon Overview and Level Annotations

Branches:
Dungeon (7/15)             Temple (0/1) D:7           Sewer (visited)

Altars:
Nemelex Xobeh
Ru

Shops:
D:7 !

Annotations:
D:7 exclusion: ice statue


Innate Abilities, Weirdness & Mutations

You are immune to sickness and miasma.
You are immune to poison.
Your flesh is very heat resistant. (rF++)
You are vulnerable to cold. (rC-)
You sometimes lose the ability to read scrolls when taking damage.
You cannot study or use magical devices.
You float through the air rather than walking.
You learn spells naturally, not from books.
Your magical power is your life essence.
You have superior vitality. (+4 MHP)


Message History

Things that are here:
a +0 mace; a +0 ring mail
There is a stone staircase leading up here.
You see here a +0 mace.
You see here a +0 leather armour.
Partly explored, can't reach some items and places.
Really fly into a travel-excluded area?
The zap hits the ice statue.
The ice statue completely resists.
The zap hits the ice statue.
The ice statue completely resists.
You redirect the ice statue's attack!
The zap hits the ice statue.
The ice statue completely resists.
Found a peridot ring and a box of beasts.
The ice statue gestures.
Found two rings of flight.
The ice statue gestures at you.
The bolt of cold hits the ice beast.
The ice beast completely resists.
The bolt of cold misses you.
The ice statue gestures.
The ice beast hits you but does no damage.
The ice beast attacks as you move away! The ice beast closely misses you.
The ice statue glitters chillingly in the dim dungeon light.
The ice statue gestures at you. The freezing blast engulfs you!
You feel a terrible chill!
You focus your inner power and illuminate the ice statue in retribution!
The ice beast hits you but does no damage.
Unknown command.
The ice statue is unaffected.
The ice beast looks frightened!
The ice beast resists with almost no effort.
You are engulfed in freezing vapours.
You feel threatened and lose the ability to read scrolls!
Ouch! That really hurt!
* * * LOW HITPOINT WARNING * * *
You redirect the ice statue's attack!
The ice statue gestures at the ice beast.
The shard of ice hits the ice beast!
The ice beast partially resists.
The ice statue's attack snaps the ice beast out of its fear.
The ice beast hits you.
* * * LOW HITPOINT WARNING * * *
The ice beast freezes you!
You feel a terrible chill!
You die...

....................#
....................#
....................#
≈####################
## # ###### ##
##≈)}=# ≈### ##☼§☼==#
≈≈≈## #≈§@§..#
≈≈≈≈#### ##≈☼☼Y.##
#≈≈≈≈≈≈## ###≈≈~Y8##
##≈≈≈≈≈≈###≈≈≈≈~###
###≈≈≈≈≈≈≈≈≈≈≈##
###≈≈≈≈≈≈≈###
###≈≈≈### #####


You could see an ice statue (distracted, corona) and 2 ice beasts.

Vanquished Creatures
  Prince Ribbit (D:7)
  A water moccasin (D:6)
  An ogre (D:5)
  2 black bears
  A centaur (D:6)
  A phantom (D:6)
  2 kobold brigands (Sewer)
  A bullfrog (D:7)
  4 scorpions (D:5)
  A jelly (D:5)
  7 killer bees (D:7)
  2 electric eels (D:7)
  A howler monkey (D:5)
  2 hounds
  An orc priest (D:4)
  3 iguanas
  Natasha (thrice) (D:2)
  4 orc wizards
  10 adders
  3 gnolls (D:5)
  4 river rats (Sewer)
  3 white imps
  3 ufetubi
  A worm (D:3)
  A dart slug (D:5)
  29 orcs
  A bat (D:3)
  5 endoplasms
  2 giant cockroaches
  8 goblins
  3 hobgoblins (D:1)
  5 jackals
  11 kobolds
  A quokka (D:1)
  8 ball pythons
  7 frilled lizards
  7 rats
150 creatures vanquished.

Vanquished Creatures (collateral kills)
  A necrophage (D:7)
1 creature vanquished.

Vanquished Creatures (others)
  An orc wizard (D:7)
  A gnoll (D:5)
  20 plants (Sewer)
22 creatures vanquished.

Grand Total: 173 creatures vanquished

Notes
Turn   | Place    | Note
-------+----------+-------------------------------------------
     0 | D:1      | Nerdsrcool the Djinni Hexslinger began the quest for the
                  | Orb.
     0 | D:1      | Nerdsrcool set off with the following spells memorised:
                  | Slow, Inner Flame, Portal Projectile, Cause Fear.
     0 | D:1      | Reached XP level 1. HP: 17/17 MP: 0/0
   129 | D:1      | Reached XP level 2. HP: 22/22 MP: 0/0
  1031 | D:2      | Reached XP level 3. HP: 25/27 MP: 0/0
  1031 | D:2      | Learned a level 1 spell: Shock
  1141 | D:2      | Noticed Natasha
  1149 | D:2      | Killed Natasha
  1150 | D:2      | Reached XP level 4. HP: 15/32 MP: 0/0
  1288 | D:2      | Reached skill level 3 in Spellcasting
  1352 | D:2      | Found a sacrificial altar of Ru.
  1368 | D:2      | Became a worshipper of Ru the Awakened
  1544 | D:2      | Noticed Natasha
  1564 | D:2      | Upgraded the game from 0.30-a0-414-gcb316572d5 to
                  | 0.30-a0-422-g946f4849ff
  1574 | D:2      | Killed Natasha
  1738 | D:2      | Noticed Natasha
  1749 | D:2      | Killed Natasha
  1750 | D:2      | Reached XP level 5. HP: 29/37 MP: 0/0
  1750 | D:2      | Learned a level 2 spell: Scorch
  2091 | D:3      | Reached skill level 1 in Stealth
  2107 | D:3      | Found a faded altar of an unknown god.
  2183 | D:3      | Found a sparkling altar of Nemelex Xobeh.
  2334 | D:3      | Identified the +0 ring mail of Baldness {rN+ Stlth+}
  2796 | D:4      | Gained mutation: You occasionally lose the ability to read
                  | scrolls when taking damage. [Ru sacrifice]
  2796 | D:4      | Gained mutation: You sometimes lose the ability to read
                  | scrolls when taking damage. [Ru sacrifice]
  2796 | D:4      | Reached * piety under Ru
  2887 | D:4      | Found a glowing drain.
  2925 | Sewer    | Entered a sewer
  2991 | Sewer    | Reached XP level 6. HP: 40/42 MP: 0/0
  3122 | Sewer    | Reached skill level 4 in Spellcasting
  3132 | Sewer    | Reached skill level 1 in Short Blades
  3269 | Sewer    | Reached XP level 7. HP: 48/48 MP: 0/0
  3269 | Sewer    | Learned a level 3 spell: Tukima's Dance
  4041 | D:5      | Entered Level 5 of the Dungeon
  4193 | D:5      | Reached skill level 5 in Spellcasting
  4227 | D:5      | Reached XP level 8. HP: 54/54 MP: 0/0
  4626 | D:5      | Reached skill level 6 in Spellcasting
  4704 | D:5      | Reached skill level 1 in Armour
  4862 | D:6      | Gained mutation: You cannot study or use magical devices.
                  | [Ru sacrifice]
  4862 | D:6      | Reached ** piety under Ru
  4862 | D:6      | Reached *** piety under Ru
  5063 | D:6      | Reached XP level 9. HP: 52/59 MP: 0/0
  5063 | D:6      | Learned a level 3 spell: Call Canine Familiar
  5348 | D:7      | Found Weaxt's Distillery.
  5368 | D:7      | Noticed Prince Ribbit
  5393 | D:7      | Reached skill level 7 in Spellcasting
  5419 | D:7      | Killed Prince Ribbit
  5463 | D:7      | Found a staircase to the Ecumenical Temple.
  5909 | D:7      | Noticed an ice statue
  6100 | D:7      | Slain by an ice beast

Illustrated notes

Levels and vault maps discovered:
D:1:      dpeg_arrival_renting, layout_loops_ring
D:2:      layout_basic, basic_altar, uniq_natasha
D:3:      layout_loops_ring, amcnicky_altar_gilded,
          ebering_ecumenical_altar_sacrificial
D:4:      layout_loops_ring, cheibrodos_sewer_entry_drain, hex_large
D:5:      layout_gridville, minmay_fractal_squares_gapless_5
D:6:      layout_cave_pools
D:7:      statuecave_lemuel, layout_cave_pools,
          minmay_temple_entry_drinking_statues, nicolae_stop_n_shop_1,
          uniq_prince_ribbit1

Skill      XL: |  1  2  3  4  5  6  7  8  9 |
---------------+----------------------------+-----
Ranged Weapons | 2 |  2.9
Spellcasting   | 3 4 5 6 7 |  7.8
Stealth        | 1 2 |  2.1
Short Blades   | 1 2 |  2.4
Dodging        | 3 4 |  4.3
Fighting       | 2 |  2.6
Armour         | 1 3 |  3.3
Unarmed Combat | |  0.1

Action                   |  1- 3 |  4- 6 |  7- 9 || total
-------------------------+-------+-------+-------++-------
Melee: Short sword       |     3 |    44 |   134 ||   181
       Unarmed           |       |     4 |       ||     4
       Punch             |       |     1 |     1 ||     2
 Fire: Sling             |    51 |       |       ||    51
Throw: Dart              |       |       |     9 ||     9
 Cast: Slow              |    10 |     9 |     8 ||    27
       Shock             |       |   133 |   174 ||   307
       Scorch            |       |       |    19 ||    19
       Tukima's Dance    |       |       |     7 ||     7
       Portal Projectile |       |       |     3 ||     3
       Call Canine Famil |       |       |     8 ||     8
       Inner Flame       |       |       |     3 ||     3
       Cause Fear        |       |       |     1 ||     1
Invok: Sacrifice Words   |       |     1 |       ||     1
       Sacrifice Artific |       |       |     1 ||     1
       Draw Out Power    |       |       |     1 ||     1
  Use: Scroll            |       |     3 |    11 ||    14
       Potion            |       |       |     3 ||     3
 Stab: Invisible         |       |       |     1 ||     1
Armor: Robe              |     5 |     9 |     1 ||    15
       Skin              |       |     1 |       ||     1
       Leather armour    |       |       |    44 ||    44
       Ring mail         |       |       |    21 ||    21
Dodge: Dodged            |    18 |    64 |   159 ||   241

Table legend: (Time is in decaauts)
 A = Elapsed time spent in this place.
 B = Non-inter-level travel time spent in this place.
 C = Inter-level travel time spent in this place.
 D = Time resting spent in this place.
 E = Time spent auto-exploring this place.
 F = Levels seen in this place.
 G = Mean time per level.
                   A        B        C        D        E       F      G
               +--------+--------+--------+--------+--------+-----+--------+
         Total |   6106 |   5981 |    125 |    113 |   4259 |   8 |  763.2 |
       Dungeon |   5510 |   5385 |    125 |    113 |   3907 |   7 |  787.1 |
         Sewer |    595 |    595 |      0 |      0 |    352 |   1 |  595.0 |
               +--------+--------+--------+--------+--------+-----+--------+

Top non-repeatable levels by time:
     D:1: 1018 daAuts
     D:2: 940 daAuts
     D:5: 772 daAuts
     D:4: 769 daAuts
     D:7: 746 daAuts
     D:3: 733 daAuts
   Sewer: 595 daAuts
     D:6: 529 daAuts
